 Dungeon Crawl Stone Soup version 0.29.1-2-gbd0b4ee654 (webtiles) character file.

Game seed: 9925079669986065411

256 funnyparkerb the Magician (level 6, -1/46 HPs)
             Began as a Djinni Ice Elementalist on Oct 28, 2022.
             Slain by a white imp (6 damage)
             ... on level 4 of the Dungeon.
             The game lasted 00:05:25 (3645 turns).

funnyparkerb the Magician (Djinni Ice Elementalist) Turns: 3645, Time: 00:05:26

Health: -1/46      AC:  6    Str: 11    XL:     6   Next: 39%
Gold:   156        EV: 12    Int: 22    God:
                   SH:  0    Dex: 18

rFire   + + .      SeeInvis .   m - +2 dagger (protect)
rCold   x . .      Faith    .   (no shield)
rNeg    . . .      Spirit   .   o - +4 robe of Augmentation {Str+4 Int+4 Dex+4}
rPois   ∞          Reflect  .   (no helmet)
rElec   .          Harm     .   (no cloak)
rCorr   .          Rampage  .   (no gloves)
Will    .....                   (boots unavailable)
Stlth   ++........              (no amulet)
HPRegen 0.15/turn               (no ring)
MPRegen 0.00/turn               (no ring)

@: flying
A: sickness immunity, fire resistance 2, cold vulnerability 1, float, innate
caster, HP casting, extra vitality 1
a: no special abilities


You were on level 4 of the Dungeon.
You visited 1 branch of the dungeon, and saw 4 of its levels.

You collected 156 gold pieces.

Inventory:

Hand Weapons
 m - a +2 dagger of protection (weapon)
Missiles
 r - a throwing net
Armour
 j - a +0 leather armour
 l - a +1 ring mail of cold resistance
 o - the +4 robe of Augmentation (worn) {Str+4 Int+4 Dex+4}
   (You found it on level 2 of the Dungeon)

   Str:       It affects your strength (+4).
   Int:       It affects your intelligence (+4).
   Dex:       It affects your dexterity (+4).
Scrolls
 d - 2 scrolls of teleportation {unknown}
 g - 2 scrolls of fear {unknown}
 h - a scroll of identify {unknown}
 i - a scroll of summoning {unknown}
 k - a scroll of poison
 q - 2 scrolls of enchant armour {unknown}
 t - a scroll of magic mapping {unknown}
Potions
 a - 2 potions of heal wounds {unknown}
 b - a potion of brilliance {unknown}
 c - a potion of flight {unknown}
 e - 2 potions of curing
 f - a potion of mutation {unknown}
 n - a potion of might {unknown}
 p - 2 potions of cancellation {unknown}
 s - a potion of degeneration {unknown}
 u - a potion of ambrosia {unknown}


   Skills:
 + Level 3.1 Fighting
 - Level 2.1 Dodging
 - Level 1.5 Stealth
 * Level 5.0 Spellcasting


You had one spell level left.
You knew the following spells:

 Your Spells              Type           Power      Damage    Failure   Level
a - Freeze                Ice            100%       1d11      1%          1
b - Frozen Ramparts       Ice            54%        1d9       3%          3
c - Ozocubu's Armour      Ice            27%        N/A       3%          3
d - Hailstorm             Conj/Ice       27%        3d7       13%         4
e - Slow                  Hex            100%       N/A       1%          1
f - Ensorcelled Hibernat  Hex/Ice        54%        N/A       1%          2
Your spell library was empty.

Dungeon Overview and Level Annotations

Branches:
Dungeon (4/15)
 Temple: D:4-7

Altars:
The Shining One


Innate Abilities, Weirdness & Mutations

You are immune to sickness and miasma.
You are immune to poison.
Your flesh is very heat resistant. (rF++)
You are vulnerable to cold. (rC-)
You float through the air rather than walking.
You learn spells naturally, not from books.
Your magical power is your life essence.
You have superior vitality. (+4 MHP)


Message History

The white imp gestures at you. The puff of frost hits you!!
You feel a terrible chill!
* * * LOW HITPOINT WARNING * * *
Your Fighting skill increases to level 3!
Your Spellcasting skill increases to level 5!
Casting: Freeze (safe; 1% risk of failure)
Confirm with . or Enter, or press ? or * to list all spells.
Aiming: Freeze (safe; 1% risk of failure)
Press: ? - help, Shift-Dir - straight line, f - orc
Aim: an orc, wielding a +0 club and wearing a +0 leather armour
Okay, then.
Your icy armour and frozen ramparts will break if you move.
Continue?
Your icy armour cracks and falls away as you move.
The frozen ramparts melt away as you move.
The quokka bites you but does no damage.
The white imp gestures at you. The puff of frost misses you.
The white imp attacks as you move away! The white imp misses you.
The quokka attacks as you move away! The quokka closely misses you.
The air fills with toxic fumes!
As you read the scroll labelled GIS OSIQOI, it crumbles to dust.
It was a scroll of poison.
The quokka bites you but does no damage.
The white imp gestures at you. The puff of frost misses you.
Okay, then.
An adder comes into view.
Found a sedimented inky potion and 7 stones.
A black bear comes into view.
The white imp shouts, "Scamper away, thou baffled milk-livered mendicant!"
The white imp hits you but does no damage.
The white imp attacks as you move away! The white imp hits you.
* * * LOW HITPOINT WARNING * * *
The white imp freezes you.
You feel a terrible chill!
* * * LOW HITPOINT WARNING * * *
An endoplasm comes into view.
It was a potion of curing.
You feel better. The white imp hits you.
* * * LOW HITPOINT WARNING * * *
The white imp freezes you.
You feel a terrible chill!
You die...

#..........####.S..
##...§§☼§§§§§#§#§...
....§§§§§§☼§§§§§.#
#.§§§§§§§§§§§§#
##)<☼.§§§☼§§§.##
#.)..or☼§§§§...#.
#.)####§☼☼§......
#.J...#§☼5#....h.
........☼§@# .....
.........##§§......
........... .§§......
....##.!......☼§.....
.... .....#+#.☼§.....
..... #.#.(....
###...### ....


You could see a white imp, an orc, an endoplasm (wandering) and a quokka.

Vanquished Creatures
  A scorpion (D:3)
  A hound (D:4)
  4 gnolls (D:3)
  7 adders
  2 worms (D:2)
  A dart slug (D:2)
  3 orcs (D:4)
  8 bats
  2 endoplasms
  2 giant cockroaches
  4 goblins
  7 hobgoblins
  7 jackals
  4 kobolds
  2 quokkas
  5 ball pythons
  3 rats
63 creatures vanquished.

Notes
Turn   | Place    | Note
-------+----------+-------------------------------------------
     0 | D:1      | funnyparkerb the Djinni Ice Elementalist began the quest
                  | for the Orb.
     0 | D:1      | funnyparkerb set off with the following spells memorised:
                  | Freeze, Frozen Ramparts, Ozocubu's Armour, Hailstorm.
     0 | D:1      | Reached XP level 1. HP: 15/15 MP: 0/0
   218 | D:1      | Found a faded altar of an unknown god.
   296 | D:1      | Reached XP level 2. HP: 21/22 MP: 0/0
   425 | D:1      | Reached skill level 1 in Fighting
  1159 | D:2      | Reached XP level 3. HP: 21/27 MP: 0/0
  1159 | D:2      | Learned a level 1 spell: Slow
  1625 | D:2      | Found the +4 robe of Augmentation {Str+4 Int+4 Dex+4}
  1978 | D:2      | Reached XP level 4. HP: 27/32 MP: 0/0
  2047 | D:2      | Reached skill level 4 in Spellcasting
  2080 | D:2      | You are sucked into a shaft and drop 1 floor!
  2388 | D:3      | Reached XP level 5. HP: 31/38 MP: 0/0
  2388 | D:3      | Learned a level 2 spell: Ensorcelled Hibernation
  2624 | D:3      | Found a glowing golden altar of the Shining One.
  2954 | D:3      | Reached XP level 6. HP: 35/45 MP: 0/0
  3636 | D:4      | Reached skill level 5 in Spellcasting
  3641 | D:4      | Noticed a black bear
  3644 | D:4      | HP: 1/46 [white imp (6)]
  3645 | D:4      | Slain by a white imp

Illustrated notes

Levels and vault maps discovered:
D:1:      spicycebolla_arrival_clurvy, layout_loops_cross,
          basic_ecumenical_altar, grunt_decor_fettered,
          amcnicky_mini_corridor_feature, kennysheep_small_spiral
D:2:      layout_loops_ring, basic_altar, minmay_fractal_squares_gapless_5
D:3:      layout_loops_ring, mainiacjoe_overflow_alcove_1
D:4:      layout_cave_pools, serial_shops, nicolae_shop_hallway_plus,
          grunt_decor_arrowhead, minivault_26

Skill      XL: |  1  2  3  4  5  6 |
---------------+-------------------+-----
Fighting       | 1 2 3 |  3.1
Spellcasting   | 4 5 |  5.0
Dodging        | |  2.1
Stealth        | |  1.5

Action                   |  1- 3 |  4- 6 || total
-------------------------+-------+-------++-------
Melee: Unarmed           |     3 |       ||     3
       Dagger            |       |     2 ||     2
 Cast: Freeze            |    34 |    33 ||    67
       Frozen Ramparts   |     7 |    17 ||    24
       Ozocubu's Armour  |     2 |     8 ||    10
  Use: Scroll            |       |     1 ||     1
       Potion            |       |     1 ||     1
Armor: Robe              |     5 |    18 ||    23
Dodge: Dodged            |    29 |    38 ||    67
